 Dungeon Crawl Stone Soup version 0.18.1-50-g88ac8fd (webtiles) character file.

72 Franakus the Conjurer (level 4, 0/36 HPs)
             Began as a Deep Elf Conjurer on Oct 27, 2016.
             Succumbed to Ijyb's poison
             ... on level 3 of the Dungeon.
             The game lasted 00:12:34 (676 turns).

Franakus the Conjurer (Deep Elf Conjurer)            Turns: 676, Time: 00:12:34

Health: 0/36       AC: 22    Str:  5    XL:     4   Next: 7%
Magic:  2/11       EV:  2    Int: 21    God:
Gold:   79         SH:  0    Dex: 20    Spells: 4 memorised, 0 levels left

rFire  + . .     SeeInvis .     l - +0 dagger
rCold  + . .     Gourm    .     (armour currently unavailable)
rNeg   + + +     Faith    .     (no shield)
rPois  +         Spirit   .     (helmet currently unavailable)
rElec  +         Dismiss  .     (cloak currently unavailable)
rCorr  +         Reflect  .     (gloves currently unavailable)
SustAt .         Harm     .     (boots currently unavailable)
MR     .....     NoTele   +     (no amulet)
Stlth  ++++......               (no ring)
                                m - ring of wizardry

@: agile, lethally poisoned (0 -> -4), tree-form, resistant, not resistant to
hostile enchantments, stealthy
A: no striking features
a: no special abilities


You were on level 3 of the Dungeon.
You were not hungry.
You were a tree.
You visited 1 branch of the dungeon, and saw 3 of its levels.

You collected 79 gold pieces.

Inventory:

Hand Weapons
 l - a +0 dagger (weapon)
Armour
 a - a +0 robe (melded)
Jewellery
 m - a ring of wizardry (left branch)
Scrolls
 d - a scroll of amnesia {unknown}
 h - a scroll of remove curse {unknown}
 j - 2 scrolls of identify {unknown}
 n - a scroll of recharging {unknown}
Books
 b - a book of Conjurations

   Spells                             Type                      Level
   a - Magic Dart                     Conjuration                  1
   b - Searing Ray                    Conjuration                  2
   c - Dazzling Spray                 Conjuration/Hexes            3
   d - Fulminant Prism                Conjuration/Hexes            4
   e - Iskenderun's Mystic Blast      Conjuration                  4
   f - Iskenderun's Battlesphere      Conjuration/Charms           5
Comestibles
 c - a bread ration
 f - 3 meat rations
 g - a slice of pizza


   Skills:
 + Level 2.6 Dodging
 * Level 3.2 Stealth
 + Level 3.5 Spellcasting
 + Level 5.5 Conjurations


You couldn't memorise any spells.
You knew the following spells:

 Your Spells              Type           Power        Failure   Level  Hunger
a - Magic Dart            Conj           ####         1%          1    None
b - Searing Ray           Conj           ####..       1%          2    ##.....
c - Dazzling Spray        Conj/Hex       ###...       6%          3    ###....
d - Iskenderun's Mystic   Conj           ####....     7%          4    ####...


Dungeon Overview and Level Annotations

Branches:
Dungeon (3/15)

Altars:
Elyvilon
Yredelemnul

Annotations:
D:3 Franakus's ghost, weakling DECj; Ijyb


Message History

Ijyb barely misses you.
You hit Ijyb but do no damage.
Ijyb is severely wounded.
* * * LOW HITPOINT WARNING * * *
You feel sick. Ijyb barely misses you.
It was a potion of agility.
You feel agile all of a sudden.
* * * LOW HITPOINT WARNING * * *
You feel sick. Ijyb misses you.
Found a stone staircase leading down.
* * * LOW HITPOINT WARNING * * *
You feel sick.
Found 7 gold pieces.
* * * LOW HITPOINT WARNING * * *
You feel sick. Ijyb hits you with a dagger of venom.
* * * LOW HITPOINT WARNING * * *
There is a stone staircase leading down here.
It was a potion of lignification.
You turn into a tree.
Your +0 robe melds into your body.
Your roots penetrate the ground.
You die...

#.$ #....# #.# #....#
# #.# #g#..###.# #.#
#.#......# #.#
#.......#
######.#######......#
#...............###.#
#.####g####.##.## ..
#♣# #.##.# #.# #.##.#
#.# #r##.# #.# #.##.#
..# #.##.# ###
#.##.### #......#
#......######
#...........#


You could see Ijyb.

Vanquished Creatures
  Jessica (D:3)
  An adder (D:3)
  An ooze (D:2)
  A worm (D:2)
  A dart slug (D:3)
  An orc (D:2)
  4 hobgoblins
  3 jackals
  2 kobolds
  A quokka (D:2)
  2 ball pythons
  4 bats
  2 giant newts
  2 goblins
  2 rats (D:3)
28 creatures vanquished.

Vanquished Creatures (others)
  A dart slug (D:3)
  A goblin zombie (D:3)
2 creatures vanquished.

Grand Total: 30 creatures vanquished

Notes
Turn   | Place    | Note
--------------------------------------------------------------
     0 | D:1      | Franakus the Deep Elf Conjurer began the quest for the Orb.
     0 | D:1      | Reached XP level 1. HP: 10/10 MP: 6/6
    57 | D:2      | Found a white marble altar of Elyvilon.
   116 | D:2      | Reached XP level 2. HP: 14/15 MP: 5/8
   136 | D:2      | Learned a level 2 spell: Searing Ray
   137 | D:3      | Noticed a human
   312 | D:3      | Noticed Jessica
   318 | D:3      | Killed Jessica
   318 | D:3      | Reached skill level 5 in Conjurations
   318 | D:3      | Reached XP level 3. HP: 15/19 MP: 1/10
   436 | D:3      | Noticed Franakus's ghost (weakling DECj)
   557 | D:3      | Learned a level 3 spell: Dazzling Spray
   563 | D:3      | Found a runed door.
   564 | D:3      | Found a basalt altar of Yredelemnul.
   619 | D:3      | Reached XP level 4. HP: 5/24 MP: 5/11
   625 | D:3      | Learned a level 4 spell: Iskenderun's Mystic Blast
   649 | D:3      | Noticed Ijyb
   674 | D:3      | HP: 1/24 [Ijyb/dagger of venom (2)]
   676 | D:3      | Succumbed to Ijyb's poison

Skill      XL: |  1  2 |
---------------+-------+-----
Stealth        | 3 |  3.2
Conjurations   | 5 |  5.5
Dodging        | |  2.6
Spellcasting   | |  3.5

Action                   |  1- 3 |  4- 6 || total
-------------------------+-------+-------++-------
Melee: Dagger            |     2 |     2 ||     4
 Cast: Magic Dart        |    27 |     6 ||    33
       Searing Ray       |     6 |     1 ||     7
       Dazzling Spray    |     1 |       ||     1
  Use: Potion            |       |     3 ||     3
Armor: Robe              |    10 |     1 ||    11
Dodge: Dodged            |    29 |     7 ||    36
